Map: Abyssal Reef LE

Players

Marre - Winner!

  • Race: Zerg Zerg
  • League: Diamond
  • Spawn Location: 11:00

VOD

Have the link to the VOD?

Description

Trying to max out as fast as possible. Exact time is 6:35, but could've been 6:31 if i were on top of my last 6 larvae.

Time

  • Played on: May 12, 2017, 10:09 a.m.
  • Length: 7:14
Show
View Real Time Build Order
Export as new Build Order

Marre Zerg - Winner!

Build Orders: Hatch First 

Get SALT Encoding   

  12  0:02  Drone  
  12  0:09  Drone  
  12  0:17  Overlord  
  12  0:24  Drone, Extractor  
  12  0:36  Drone x2  
  12  0:54  Hatchery  
  12  0:58  Drone  
  12  1:00  Drone  
  12  1:21  Hatchery  
  12  1:24  Drone  
  12  1:27  Drone  
  12  1:30  Drone  
  12  1:50  Hatchery  
  12  1:51  Drone  
  12  1:54  Drone  
  12  2:05  Drone  
  12  2:07  Drone  
  12  2:18  Hatchery  
  12  2:22  Drone  
  12  2:28  Drone x2  
  12  2:37  Drone x3  
  12  2:42  Drone  
  12  2:46  Drone x2  
  12  2:50  Drone  
  12  2:56  Drone x2  
  12  3:01  Drone, Spawning Pool  
  12  3:02  Drone  
  12  3:08  Drone x2  
  12  3:18  Overlord  
  12  3:19  Hatchery  
  12  3:22  Drone x2  
  12  3:24  Drone  
  12  3:27  Drone  
  12  3:30  Drone x4  
  12  3:32  Drone  
  12  3:36  Overlord  
  12  3:41  Drone  
  12  3:43  Drone x3  
  12  3:47  Drone  
  12  3:51  Queen  
  12  3:53  Overlord, Drone x2  
  12  3:56  Overlord  
  12  3:58  Queen  
  12  3:59  Drone  
  12  4:00  Drone  
  12  4:02  Drone x2  
  12  4:11  Overlord  
  12  4:12  Drone x3  
  12  4:13  Queen  
  12  4:23  Drone x5  
  12  4:27  Queen  
  12  4:28  Hatchery  
  12  4:30  Drone x3  
  12  4:34  Drone x3  
  12  4:37  Hatchery  
  12  4:46  Drone x5  
  12  4:47  Drone x2  
  12  4:51  Overlord x2  
  12  4:53  Overlord x3  
  12  4:58  Drone x2  
  12  4:59  Drone x2  
  12  5:00  Drone x2  
  12  5:04  Queen  
  12  5:08  Queen  
  12  5:12  Drone x6  
  12  5:14  Drone x2  
  12  5:18  Drone  
  12  5:19  Drone  
  12  5:26  Drone x8  
  12  5:30  Drone  
  12  5:33  Overlord x5  
  12  5:35  Drone x3  
  12  5:39  Drone x3  
  12  5:43  Drone x6  
  12  5:47  Drone x2  
  12  5:51  Overlord x5  
  12  5:52  Queen  
  12  5:53  Queen x6  
  12  5:55  Drone  
  12  6:03  Drone x7  
  12  6:04  Drone  
  12  6:06  Queen  
  12  6:09  Drone x2  
  12  6:14  Drone x4  
  12  6:18  Drone x2  
  12  6:27  Drone x13  
  12  6:28  Drone x5, Queen x6  
  12  6:29  Drone x3, Queen  
  12  6:33  Drone x3  
  12  6:34  Drone x3  
  12  6:37  Hatchery  
Tags
 
Add a new tag
Caveats
  • Supply blocks, unpowered buildings, or Contaminate may cause inaccurate times.
  • Supply counts are checked every 10 seconds.